 Dungeon Crawl Stone Soup version 0.13-b1-54-gfe00c74 (webtiles) character file.

279 Lilouch the Shield-Bearer (level 5, -4/41 HPs)
             Began as a Mummy Fighter on Oct 10, 2013.
             Slain by an orc wizard
             ... wielding a +0,+0 short sword
              (5 damage)
             ... on Level 2 of the Dungeon.
             The game lasted 00:20:14 (15299 turns).

Lilouch the Shield-Bearer (Mummy Fighter)          Turns: 15299, Time: 00:20:14

HP  -4/41        AC  9     Str 20      XL: 5   Next:  0%
MP  13/13        EV  5     Int 11      God:
Gold 142         SH 18     Dex 11      Spells:  0 memorised,  4 levels left

Res.Fire  : x . .   See Invis. : .   a - +0 falchion
Res.Cold  : + . .   Warding    : .   G - +0 chain mail
Life Prot.: + + +   Conserve   : .   c - +0 shield
Res.Poison: +       Res.Corr.  : .   (no helmet)
Res.Elec. : .       Clarity    : .   (no cloak)
Sust.Abil.: . .     Spirit.Shd : .   (no gloves)
Res.Mut.  : .       Stasis     : .   (no boots)
Res.Rott. : +       Flight     : .   (no amulet)
Saprovore : . . .                    z - ring of magical power
                                     B - +4 ring of intelligence

@: slightly resistant to hostile enchantments, extremely unstealthy
A: no food or potions, fire vulnerability, restore body, cold resistance 1, life
protection 3, poison resistance, torment resistance, unbreathing
a: no special abilities


You were on level 2 of the Dungeon.
You were not hungry.

You visited 1 branch of the dungeon, and saw 3 of its levels.

You collected 122 gold pieces.

Inventory:

Hand weapons
 a - a +0,+0 falchion (weapon)
 k - a +0,+0 sling
 M - a +0,+2 dwarven dagger
 N - a +0,+0 dagger
 O - a +0,+0 orcish dagger
Missiles
 e - 60 stones (quivered)
 q - 10 darts
 y - 21 sling bullets of flame
 D - 16 silver sling bullets
 F - 18 sling bullets
 L - 11 poisoned needles
Armour
 c - a +0 shield (worn)
 G - a +0 chain mail (worn)
Magical devices
 t - a wand of fireball (8) {unknown}
Comestibles
 b - an apple
 d - an apricot
 h - 2 meat rations
 p - a snozzcumber
 r - 4 bread rations
 I - a cheese
Scrolls
 g - a scroll of enchant armour {unknown}
 i - a scroll of curse weapon {unknown}
 j - a scroll of fog {unknown}
 n - a scroll of enchant weapon II {unknown}
 o - 3 scrolls of remove curse {unknown}
 s - a scroll of fear {unknown}
 v - 2 scrolls of curse armour {unknown}
 x - a scroll of amnesia {unknown}
 A - a scroll of blinking {unknown}
 J - a scroll of random uselessness {unknown}
Jewellery
 f - an uncursed ring of see invisible {unknown}
 z - a ring of magical power (right hand)
 B - a +4 ring of intelligence (left hand)
Potions
 l - a potion of degeneration {unknown}
 m - 2 potions of heal wounds {unknown}
 u - a potion of slowing {unknown}
 w - a potion of flight {unknown}
 C - a potion of invisibility {unknown}
 E - a potion of confusion {unknown}
 K - a potion of curing {unknown}


   Skills:
 - Level 3.0 Fighting
 * Level 2.9 Long Blades
 + Level 3.2 Armour
 + Level 3.3 Shields


You had 4 spell levels left.
You didn't know any spells.

Dungeon Overview and Level Annotations

Branches:
Dungeon (3/27)

Altars:


Innate Abilities, Weirdness & Mutations

You do not eat or drink.
Your flesh is vulnerable to fire.
Your flesh is cold resistant.
You are immune to negative energy.
Your system is resistant to poisons.
You are immune to unholy pain and torment.
You can survive without breathing.


Message History

The orc wizard gestures at you while chanting.
The puff of flame hits you! The fire burns you terribly!
The orc wizard hits you with an orcish dagger.
The orc wizard hits you but does no damage.
The orc wizard completely misses you.
You miss the orc wizard.
The orc wizard is almost dead.
The orc wizard barely misses you. The orc wizard casts a spell at you.
The puff of flame hits you! The fire burns you terribly!
* * * LOW HITPOINT WARNING * * *
The orc wizard suddenly jeers, as Orcs often do.
The orc wizard casts a spell.
The orc wizard seems to speed up.
The orc shouts loudly.
Your shield and chain mail prevent you from hitting the orc wizard.
The orc wizard is almost dead.
The orc wizard hits you but does no damage.
The orc wizard hits you with a short sword.
You die...

#.# #.#...#.........#
#.####.##..###########
#....#.##..#
####.#.##..#####
#.#.##......# ##
#.#.##.####.# #.
#.#.##.####.#######.
#.#ooo..............
#.#@##.###...####...
#...o..###...######.
###......'..........
#..#####..........
#..# ###........ #..#
#...)....
#..#######........
#........#........
#.######.#........


You could see 3 orc wizards and an orc.

Vanquished Creatures
  An orc priest (D:3)
  Terence (D:2)
  3 adders
  An orc (D:2)
  7 bats
  5 giant cockroaches
  7 goblins
  9 hobgoblins
  8 jackals
  7 kobolds
  A quokka (D:2)
  A ball python (D:1)
  2 giant geckos (D:2)
  3 giant newts
  10 rats
66 creatures vanquished.

Notes
Turn   | Place    | Note
--------------------------------------------------------------
     0 | D:1      | Lilouch, the Mummy Fighter, began the quest for the Orb.
     0 | D:1      | Reached XP level 1. HP: 18/18 MP: 0/0
   211 | D:1      | Reached XP level 2. HP: 22/24 MP: 1/1
  1134 | D:2      | Reached XP level 3. HP: 16/30 MP: 2/2
  7613 | D:1      | Noticed an orc warrior
  8048 | D:2      | Noticed Terence
  8065 | D:2      | Killed Terence
  8065 | D:2      | Reached XP level 4. HP: 34/36 MP: 3/3
 13765 | D:2      | Noticed a giant frog
 15255 | D:2      | Reached XP level 5. HP: 38/41 MP: 4/4
 15298 | D:2      | HP: 1/41 [orc wizard/puff of flame (15)]
 15299 | D:2      | Slain by an orc wizard

Action                   |  1- 3 |  4- 6 || total
-------------------------+-------+-------++-------
Melee: Falchion          |   175 |   112 ||   287
Throw: Dagger            |     1 |     1 ||     2
       Stone             |       |     2 ||     2
       Spear             |       |     1 ||     1
